[Event "Titled Tuesday Blitz April 19 Late 2022"]
[White "Rustemov, Alexander"]
[Black "Caruana, Fabiano"]
[WhiteFideId "4119002"]
[BlackFideId "2020009"]
[WhiteElo "2727"]
[BlackElo "2744"]
[Result "0-1"]
[Round "05"]
[TimeControl "180+1"]
[Date "2022.04.19"]
[WhiteClock "0:00:21"]
[BlackClock "0:00:22"]

1. d4 d5 2. c4 e6 3. Nc3 Nf6 4. cxd5 exd5 5. Bg5 c6 6. e3 Be7 7. Bd3 O-O 8. Qc2 h6 9. Bh4 Ne8 10. Bxe7 Qxe7 11. Nf3 Nd7 12. O-O Nd6 13. Rab1 Nf6 14. b4 a6 15. a4 b5 16. Ne5 Bd7 17. Ne2 Nc4 18. Nxd7 Nxd7 19. Ra1 Qxb4 20. Nf4 Qd6 21. Be2 Ndb6 22. a5 Nd7 23. Nd3 Rfe8 24. Qc3 Nf6 25. Qb4 Qc7 26. Rfc1 Ne4 27. g3 Re6 28. Bf3 Ng5 29. Bg2 Rf6 30. h4 Nf3+ 31. Bxf3 Rxf3 32. Qe1 Re8 33. Qe2 Rf6 34. Re1 Qc8 35. Kg2 g6 36. h5 g5 37. Nc5 g4 38. Rh1 Rf3 39. Raf1 Qf5 40. Rh4 Kh8 41. Rxg4 Nxe3+ 42. fxe3 Rxf1 43. e4 dxe4 44. Nxe4 Re1 45. Qxe1 Qxg4 46. Nf6 Rxe1 47. Nxg4 b4 0-1


[Site "https://www.chess.com"]

[Event "Titled Tuesday Blitz April 19 Late 2022"]
[White "Saraci, Nderim"]
[Black "Lewtak, Damian"]
[WhiteFideId "6351921"]
[BlackFideId "1141724"]
[WhiteElo "2553"]
[BlackElo "2362"]
[Result "0-1"]
[Round "05"]
[TimeControl "180+1"]
[Date "2022.04.19"]
[WhiteClock "0:00:05"]
[BlackClock "0:00:07"]

1. b3 e5 2. Bb2 d6 3. e3 g6 4. Nf3 Bg7 5. c4 f5 6. Nc3 Nf6 7. d4 e4 8. Nd2 O-O 9. Qc2 c5 10. dxc5 dxc5 11. Rd1 Qe7 12. Nd5 Qf7 13. Be2 Nc6 14. a3 Be6 15. Nxf6+ Bxf6 16. O-O Rfd8 17. f3 Bxb2 18. Qxb2 exf3 19. Bxf3 Qg7 20. Qc2 Ne5 21. Be2 Rd7 22. h3 Rad8 23. Nf3 Nxf3+ 24. Bxf3 b6 25. Rxd7 Rxd7 26. Rd1 Qe5 27. Kf2 f4 28. exf4 Qxf4 29. Rxd7 Bxd7 30. Qd3 Bf5 31. Qd8+ Kg7 32. Qe7+ Kh6 33. h4 Qd4+ 34. Kg3 a5 35. Bd5 Qg4+ 36. Kf2 Qf4+ 37. Bf3 Qd2+ 38. Kg3 Qd7 39. Qf6 Bc2 40. Kh2 Qf5 41. Qxb6 Qf4+ 42. Kh1 Qxh4+ 43. Kg1 Qe1+ 44. Kh2 Qe5+ 45. Kg1 Qa1+ 46. Kh2 Qxa3 47. Qf6 Qc1 48. Qh4+ Kg7 49. Qe7+ Kh6 50. Qxc5 Bxb3 51. Qf8+ Kg5 52. Qd8+ Kh6 53. Qh4+ Kg7 54. Qe7+ Kh6 55. c5 Qf4+ 56. Kh1 Qc1+ 57. Kh2 Qf4+ 58. Kg1 Qc1+ 59. Kf2 Qd2+ 60. Be2 Qd4+ 61. Qe3+ Qxe3+ 62. Kxe3 Ba4 63. Bf3 Kg5 64. Kd4 Kf4 65. Kd5 g5 66. Kd6 g4 67. Bd5 h5 68. Be6 h4 69. Bd5 h3 70. gxh3 gxh3 71. Be6 h2 72. Bd5 Ke3 73. Bh1 Kd4 74. Bg2 Kc4 75. Bh1 Kb4 76. Bg2 Bb5 77. Kc7 a4 78. Kb6 a3 79. c6 Bxc6 0-1


[Site "https://www.chess.com"]

[Event "Titled Tuesday Blitz April 19 Late 2022"]
[White "Sarana, Alexey"]
[Black "Keymer, Vincent"]
[WhiteFideId "24133795"]
[BlackFideId "12940690"]
[WhiteElo "2666"]
[BlackElo "2557"]
[Result "1-0"]
[Round "05"]
[TimeControl "180+1"]
[Date "2022.04.19"]
[WhiteClock "0:00:03"]
[BlackClock "0:00:04"]

1. d4 Nf6 2. c4 e6 3. Nc3 Bb4 4. Qc2 c5 5. dxc5 O-O 6. a3 Bxc5 7. Nf3 d5 8. Bg5 Be7 9. e3 Nc6 10. Rd1 Qa5 11. Bd3 h6 12. Bh4 Rd8 13. O-O dxc4 14. Bxc4 Bd7 15. e4 Be8 16. Qe2 Ne5 17. Nxe5 Qxe5 18. f4 Qc5+ 19. Bf2 Qc7 20. e5 Ng4 21. Rxd8 Rxd8 22. Kh1 Nxf2+ 23. Rxf2 Rd4 24. Bd3 Bxa3 25. Rf3 Be7 26. h3 a6 27. Ne4 Bc6 28. Kh2 Qd7 29. Rg3 Bxe4 30. Bxe4 Qa4 31. b3 Qb4 32. Re3 Bc5 33. f5 Rd2 34. Qg4 Bxe3 35. fxe6 Qe7 36. Bf5 fxe6 37. Bxe6+ Kh8 38. Bc4 Bg5 39. Kg3 Rd8 40. Qe4 Bh4+ 41. Kh2 Bg5 42. Bd3 Bf6 43. Qh7# 1-0


[Site "https://www.chess.com"]

[Event "Titled Tuesday Blitz April 19 Late 2022"]
[White "Schekachikhin, Maksim"]
[Black "D`Arruda, Ricardo D."]
[WhiteFideId "24177830"]
[BlackFideId "100692"]
[WhiteElo "2230"]
[BlackElo "2421"]
[Result "0-1"]
[Round "05"]
[TimeControl "180+1"]
[Date "2022.04.19"]
[WhiteClock "0:00:12"]
[BlackClock "0:00:45"]

1. d4 Nf6 2. c4 e5 3. dxe5 Ne4 4. Nf3 Nc6 5. e3 d6 6. exd6 Bxd6 7. Be2 Bf5 8. Nbd2 Qf6 9. Nxe4 Bxe4 10. O-O O-O-O 11. Qa4 Rhe8 12. Rd1 Qh6 13. h3 g5 14. Nd2 Bf5 15. Bf3 g4 16. Bxc6 bxc6 17. Qxc6 gxh3 18. g3 Qg6 19. Qa6+ Kb8 20. Qb5+ Kc8 21. Qa6+ Kd7 22. Nf1 Qg4 23. Qb5+ Ke7 24. Qd5 Bxg3 25. Nxg3 Rxd5 26. Rxd5 Be6 27. Rd4 Qf3 0-1


[Site "https://www.chess.com"]

[Event "Titled Tuesday Blitz April 19 Late 2022"]
[White "Sernecki, Franciszek"]
[Black "Zong, Davis"]
[WhiteFideId "1169297"]
[BlackFideId "30903955"]
[WhiteElo "2165"]
[BlackElo "2061"]
[Result "1-0"]
[Round "05"]
[TimeControl "180+1"]
[Date "2022.04.19"]
[WhiteClock "0:00:05"]
[BlackClock "0:00:06"]

1. d4 d5 2. c4 c6 3. Nc3 Nf6 4. e3 e6 5. Nf3 Nbd7 6. Bd3 dxc4 7. Bxc4 b5 8. Bd3 Bb7 9. O-O a6 10. e4 c5 11. d5 exd5 12. exd5 Be7 13. d6 Bxd6 14. Bxb5 Be7 15. Bc4 O-O 16. Bg5 h6 17. Bh4 Qc7 18. Re1 Nb6 19. Bg3 Qd8 20. Qxd8 Bxd8 21. Bb3 Bxf3 22. gxf3 Re8 23. Ne4 Be7 24. Rac1 Rac8 25. Nxf6+ Bxf6 26. Rxe8+ Rxe8 27. Rxc5 Bxb2 28. Rc7 Rf8 29. Bd6 Rd8 30. Bc5 Nd5 31. Ra7 Nf4 32. Rxf7 Nh3+ 33. Kg2 1-0


[Site "https://www.chess.com"]

[Event "Titled Tuesday Blitz April 19 Late 2022"]
[White "Sjugirov, Sanan"]
[Black "Nazaretyan, Tigran"]
[WhiteFideId "4189302"]
[BlackFideId "24162345"]
[WhiteElo "2602"]
[BlackElo "2225"]
[Result "1-0"]
[Round "05"]
[TimeControl "180+1"]
[Date "2022.04.19"]
[WhiteClock "0:01:28"]
[BlackClock "0:00:02"]

1. d4 Nf6 2. Nf3 c5 3. d5 e6 4. c4 exd5 5. cxd5 d6 6. Nc3 g6 7. h3 Bg7 8. e4 O-O 9. Be3 Re8 10. Bd3 Na6 11. O-O Nc7 12. a4 b6 13. Re1 Ba6 14. Bf4 Bxd3 15. Qxd3 Nh5 16. Bh2 a6 17. e5 dxe5 18. Nxe5 Nf6 19. Rad1 b5 20. axb5 Nxb5 21. Nxb5 axb5 22. Qxb5 Rb8 23. Qxc5 Rxb2 24. Nc6 Rxe1+ 25. Rxe1 Bf8 26. Qc3 Qxd5 27. Qxf6 Rc2 28. Be5 1-0


[Site "https://www.chess.com"]

[Event "Titled Tuesday Blitz April 19 Late 2022"]
[White "Skliarov, Viktor"]
[Black "Siddharth, Jagadeesh"]
[WhiteFideId "14106736"]
[BlackFideId "5818320"]
[WhiteElo "2229"]
[BlackElo "2127"]
[Result "0-1"]
[Round "05"]
[TimeControl "180+1"]
[Date "2022.04.19"]
[WhiteClock "0:00:02"]
[BlackClock "0:00:44"]

1. e4 e5 2. Nc3 Nf6 3. Bc4 Nxe4 4. Qh5 Nd6 5. Bb3 Be7 6. Qxe5 O-O 7. Nge2 Nc6 8. Qf4 Na5 9. Bd5 c6 10. Bf3 b5 11. b4 Nab7 12. Bb2 Nc4 13. Rb1 Bg5 14. Qd4 Bxd2+ 15. Kf1 Nxb2 16. Qxd2 Nc4 17. Qd4 d5 18. h4 Bf5 19. Ng3 Bxc2 20. Rc1 Qf6 21. Qxf6 Bd3+ 22. Kg1 gxf6 23. Nh5 Nbd6 24. Nxf6+ Kg7 25. Nh5+ Kh8 26. Rd1 Bc2 27. Rc1 Bf5 28. Ng3 Rfe8 29. Nxf5 Nxf5 30. Nxd5 cxd5 31. Bxd5 Rad8 32. Bxf7 Rf8 33. Bxc4 bxc4 34. Rxc4 Nd4 35. Rh3 Ne2+ 36. Kh2 Rd2 37. Rc7 Nd4 38. Rg3 Nf5 39. Rf3 Rdd8 40. Rxa7 Nxh4 41. Rxf8+ Rxf8 42. f3 Rg8 43. g3 Nxf3+ 44. Kg2 Nd4 45. a4 Nf5 46. a5 Rxg3+ 47. Kh2 Rb3 48. Rb7 Nd6 49. Rb8+ Kg7 50. a6 Ra3 51. Rb7+ Kg8 52. b5 Ra5 53. Rb8+ Kf7 54. Rb7+ Nxb7 55. axb7 Rxb5 0-1


[Site "https://www.chess.com"]

[Event "Titled Tuesday Blitz April 19 Late 2022"]
[White "Sliwicki, Damian"]
[Black "Bilan, Danila"]
[WhiteFideId "1127128"]
[BlackFideId "24161918"]
[WhiteElo "2084"]
[BlackElo "2164"]
[Result "1-0"]
[Round "05"]
[TimeControl "180+1"]
[Date "2022.04.19"]
[WhiteClock "0:01:26"]
[BlackClock "0:00:02"]

1. e4 c6 2. Nc3 d5 3. Nf3 Bg4 4. h3 Bxf3 5. Qxf3 e6 6. d3 Nd7 7. Qg3 g6 8. Bd2 Bg7 9. O-O-O Ne7 10. f4 b5 11. f5 d4 12. fxe6 fxe6 13. Ne2 e5 14. Kb1 Qb6 15. Bg5 Qc5 16. Nc1 O-O-O 17. Nb3 Qd6 18. Nxd4 Qxd4 19. Bxe7 Rde8 20. Bg5 Kb7 21. Be2 Rhf8 22. Be3 Qd6 23. d4 Qb4 24. a3 Qa4 25. d5 Nb6 26. dxc6+ Kxc6 27. Bxb6 axb6 28. Qc3+ Kb7 29. Rd7+ Ka6 30. Qc7 Ra8 31. Qb7+ Ka5 32. b4+ Qxb4+ 33. axb4+ Kxb4 34. Qxb6 Rfc8 35. Qxb5+ Kc3 36. Qb2# 1-0


[Site "https://www.chess.com"]

[Event "Titled Tuesday Blitz April 19 Late 2022"]
[White "Solon, Nathan"]
[Black "Zlatin, Alexander"]
[WhiteFideId "2017229"]
[BlackFideId "2810549"]
[WhiteElo "2571"]
[BlackElo "2228"]
[Result "0-1"]
[Round "05"]
[TimeControl "180+1"]
[Date "2022.04.19"]
[WhiteClock "0:00:26"]
[BlackClock "0:01:02"]

1. e4 e5 2. Nc3 Nf6 3. f4 d5 4. fxe5 Nxe4 5. Qf3 f5 6. d3 Nxc3 7. bxc3 d4 8. Bb2 c5 9. Ne2 Nc6 10. Qg3 Be6 11. Nf4 Qd7 12. Be2 O-O-O 13. O-O Nxe5 14. cxd4 cxd4 15. Nxe6 Qxe6 16. Rae1 Bb4 17. Rb1 g6 18. Bc1 Bd6 19. Bf4 Nc6 20. Bf3 Bxf4 21. Qxf4 Qe3+ 22. Qxe3 dxe3 23. Bxc6 bxc6 24. Rbe1 Rhe8 25. Rf3 Rd5 26. Rfxe3 Rxe3 27. Rxe3 Ra5 28. Re7 Rxa2 29. Rxh7 a5 30. Ra7 Kb8 31. Rg7 Rxc2 32. Rxg6 a4 33. Rg8+ Kb7 34. Rg7+ Kb6 35. Rg8 a3 36. Ra8 a2 0-1


[Site "https://www.chess.com"]

[Event "Titled Tuesday Blitz April 19 Late 2022"]
[White "Sowa, Ryan"]
[Black "Nathan, Nitish"]
[WhiteFideId "30901693"]
[BlackFideId "30927870"]
[WhiteElo "2624"]
[BlackElo "2290"]
[Result "1-0"]
[Round "05"]
[TimeControl "180+1"]
[Date "2022.04.19"]
[WhiteClock "0:00:26"]
[BlackClock "0:00:28"]

1. Nf3 Nf6 2. c4 g6 3. Nc3 d5 4. cxd5 Nxd5 5. Qa4+ c6 6. Qd4 Nf6 7. Qxd8+ Kxd8 8. e4 Bg7 9. d4 Bg4 10. Ne5 Ke8 11. Nxg4 Nxg4 12. f3 Nf6 13. Be3 Nbd7 14. Bc4 b5 15. Bb3 a5 16. a4 b4 17. Ne2 e6 18. Rc1 Rc8 19. Kf2 Ng8 20. Rc2 Ne7 21. Rhc1 h5 22. Bg5 Bf6 23. Be3 Bg7 24. Nf4 Bh6 25. Nd3 Bxe3+ 26. Kxe3 g5 27. Nc5 g4 28. Nb7 Ra8 29. Nd6+ Kf8 30. f4 Kg7 31. e5 Nb6 32. Ke4 Ned5 33. Rxc6 f5+ 34. exf6+ Nxf6+ 35. Kd3 Nbd5 36. Bxd5 Nxd5 37. g3 h4 38. Ne4 hxg3 39. hxg3 Rh2 40. Rxe6 Rxb2 41. Rc5 Rd8 42. Re5 Nf6 43. Rc7+ Kg6 44. Rg5+ Kh6 45. Nxf6 Rb3+ 46. Kc2 Rc3+ 47. Rxc3 bxc3 48. Nxg4+ Kh7 49. Nf6+ Kh6 50. Ng4+ Kh7 51. Kxc3 Rc8+ 52. Rc5 Rb8 53. Ne5 Rb1 54. Rxa5 Rf1 55. Ra8 Rg1 56. Nd3 Rxg3 57. a5 Rg6 58. a6 Rc6+ 59. Nc5 Kg7 60. a7 Rc7 61. Kc4 Kf7 62. Kb5 Ke7 63. Rh8 Rxa7 64. Rh7+ Kd6 65. Rxa7 Kd5 66. Rd7# 1-0


[Site "https://www.chess.com"]

[Event "Titled Tuesday Blitz April 19 Late 2022"]
[White "Soysal, Serkan"]
[Black "Sanal, Vahap"]
[WhiteFideId "6349250"]
[BlackFideId "6300545"]
[WhiteElo "2440"]
[BlackElo "2603"]
[Result "0-1"]
[Round "05"]
[TimeControl "180+1"]
[Date "2022.04.19"]
[WhiteClock "0:00:24"]
[BlackClock "0:02:24"]

1. Nf3 d5 2. g3 c6 3. Bg2 Bg4 4. O-O Nd7 5. d4 e6 6. c4 Ngf6 7. cxd5 exd5 8. Nc3 Be7 9. Nh4 O-O 10. f3 Bh5 11. Nf5 Bg6 12. Nxe7+ Qxe7 13. Re1 Rad8 14. e4 dxe4 15. fxe4 Ne5 16. d5 Nfg4 17. Qe2 Qc5+ 18. Be3 Nxe3 19. Qxe3 Qa5 20. Qd4 Rfe8 21. h3 h5 22. Rad1 c5 23. Qf2 c4 24. Bf1 b5 25. a3 a6 26. d6 Re6 27. Rd5 Rf6 28. Qe3 Nf3+ 29. Kg2 Nxe1+ 30. Qxe1 Rfxd6 31. Qd2 Bxe4+ 32. Nxe4 Qxd2+ 33. Rxd2 Rxd2+ 34. Nxd2 0-1


[Site "https://www.chess.com"]

[Event "Titled Tuesday Blitz April 19 Late 2022"]
[White "Spata, German"]
[Black "Koutlas, Nikolaos"]
[WhiteFideId "113026"]
[BlackFideId "25827138"]
[WhiteElo "2238"]
[BlackElo "1645"]
[Result "1-0"]
[Round "05"]
[TimeControl "180+1"]
[Date "2022.04.19"]
[WhiteClock "0:00:20"]
[BlackClock "0:00:47"]

1. d3 b6 2. e4 Bb7 3. g3 g6 4. Bg2 Bg7 5. Nf3 c5 6. O-O Nc6 7. Re1 d6 8. c3 Qd7 9. Na3 O-O-O 10. d4 e5 11. dxe5 dxe5 12. Qxd7+ Kxd7 13. Nc4 Nge7 14. Ng5 Rdf8 15. Rd1+ Kc7 16. Nd6 Nd8 17. Bh3 h6 18. Nxb7 hxg5 19. Rd7+ Kc6 20. Nxd8+ Rxd8 21. Rxe7 Rxh3 22. Bxg5 Rd7 23. Rxd7 Kxd7 24. Bh4 g5 25. Kg2 Rxh4 26. gxh4 gxh4 27. Kf3 Bf6 28. Kg4 Ke6 29. Rd1 a5 30. a4 Be7 31. c4 Bf6 32. h3 Be7 33. Kh5 f5 34. f3 fxe4 35. fxe4 Bf8 36. Kxh4 Bh6 37. Kg4 Be3 38. b3 1-0


[Site "https://www.chess.com"]

[Event "Titled Tuesday Blitz April 19 Late 2022"]
[White "Szpar, Milosz"]
[Black "Moskalenko, Alexander"]
[WhiteFideId "1184989"]
[BlackFideId "4155351"]
[WhiteElo "2447"]
[BlackElo "2434"]
[Result "1-0"]
[Round "05"]
[TimeControl "180+1"]
[Date "2022.04.19"]
[WhiteClock "0:01:58"]
[BlackClock "0:00:02"]

1. e4 c5 2. Nc3 e6 3. Nf3 a6 4. g3 b5 5. Bg2 Bb7 6. d4 cxd4 7. Nxd4 Nf6 8. Qe2 b4 9. Na4 Nc6 10. Be3 Qa5 11. b3 Nxd4 12. Bxd4 Bc6 13. Nb6 Bc5 14. Nc4 Qb5 15. Bb2 O-O 16. O-O Be7 17. e5 Nd5 18. Qd3 Nb6 19. Bxc6 Qxc6 20. Nxb6 Qxb6 21. Qxd7 Ra7 22. Qd3 Qc6 23. Rfd1 a5 24. Rd2 a4 25. Rad1 axb3 26. axb3 Ra2 27. Bd4 h5 28. h4 Rfa8 29. Qe2 g6 30. Be3 Kg7 31. Bg5 Bxg5 32. hxg5 Qc3 33. Qe4 R8a5 34. Re2 Rc5 35. Qf4 Rc8 36. Qf6+ Kg8 37. Rd7 Rf8 38. Red2 Rxc2 39. Rxf7 Rc1+ 40. Kh2 Rh1+ 41. Kxh1 Qc6+ 42. Kh2 Rxf7 43. Rd8+ 1-0


[Site "https://www.chess.com"]

[Event "Titled Tuesday Blitz April 19 Late 2022"]
[White "Sztokbant, Bernardo Vainzoff"]
[Black "Vujic, Mihailo"]
[WhiteFideId "2115956"]
[BlackFideId "918873"]
[WhiteElo "2225"]
[BlackElo "2256"]
[Result "0-1"]
[Round "05"]
[TimeControl "180+1"]
[Date "2022.04.19"]
[WhiteClock "0:00:34"]
[BlackClock "0:00:19"]

1. d4 d5 2. c4 e5 3. dxe5 d4 4. Nf3 Nc6 5. a3 Nge7 6. e3 Nf5 7. exd4 Nfxd4 8. Nxd4 Qxd4 9. Qxd4 Nxd4 10. Kd1 Nb3 11. Ra2 Bf5 12. Nd2 O-O-O 13. Be2 Bb1 14. Ke1 Bxa2 15. Nxb3 Bxb3 16. Be3 b6 17. f4 Bc5 18. Kf2 Rd2 19. Bxc5 bxc5 20. Ke3 Rxb2 21. Rc1 Rd8 22. Bf3 Bc2 23. Bd5 c6 24. Bxf7 Rd3+ 25. Kf2 Bd1+ 26. Ke1 Rxg2 27. e6 Kd8 28. h4 Ke7 29. Bg8 Rh3 30. Kf1 Bf3 0-1


[Site "https://www.chess.com"]

[Event "Titled Tuesday Blitz April 19 Late 2022"]
[White "Tanenbaum, Zachary"]
[Black "Iskusnyh, Sergei"]
[WhiteFideId "2060850"]
[BlackFideId "4120027"]
[WhiteElo "2168"]
[BlackElo "2492"]
[Result "1-0"]
[Round "05"]
[TimeControl "180+1"]
[Date "2022.04.19"]
[WhiteClock "0:00:04"]
[BlackClock "0:00:01"]

1. e4 e6 2. d4 d5 3. Nc3 Nf6 4. Bg5 dxe4 5. Nxe4 Nbd7 6. Nf3 h6 7. Bxf6 Nxf6 8. Bd3 Nxe4 9. Bxe4 c5 10. Qe2 Qa5+ 11. c3 Be7 12. d5 O-O 13. O-O Bf6 14. Rfe1 exd5 15. Bxd5 Qb6 16. Ne5 Be6 17. Nc4 Qa6 18. Bxe6 Qxe6 19. Qxe6 fxe6 20. Nd6 b5 21. Rxe6 b4 22. Ne4 bxc3 23. bxc3 Bd8 24. Nxc5 Rc8 25. Ne4 Rc4 26. Rd1 Bb6 27. g3 Ra4 28. Rd7 Rxa2 29. Ree7 Bxf2+ 30. Nxf2 Rfxf2 31. Rxg7+ Kf8 32. h4 Rfb2 33. Rgf7+ Ke8 34. Rde7+ Kd8 35. Re3 Rb1+ 36. Rf1 Rbb2 37. Rd1+ Kc7 38. Re7+ Kc6 39. Re6+ Kc5 40. Re5+ Kc4 41. Re4+ Kxc3 42. Re3+ Kc4 43. Re4+ Kb5 44. Re5+ Ka4 45. Re4+ Rb4 46. Rxb4+ Kxb4 47. Rd6 a5 48. Rxh6 a4 49. Rb6+ Kc3 50. Rc6+ Kd3 51. h5 a3 52. h6 Rc2 53. Rd6+ Ke3 54. h7 Rc8 55. Ra6 Kf3 56. Rxa3+ Kg4 57. Kg2 Rh8 58. Ra7 Kg5 59. Kh3 Rc8 60. Rg7+ 1-0


[Site "https://www.chess.com"]

[Event "Titled Tuesday Blitz April 19 Late 2022"]
[White "Tregubov, Pavel V."]
[Black "Przybylski, Wojciech"]
[WhiteFideId "4115341"]
[BlackFideId "1117599"]
[WhiteElo "2341"]
[BlackElo "2133"]
[Result "1-0"]
[Round "05"]
[TimeControl "180+1"]
[Date "2022.04.19"]
[WhiteClock "0:00:52"]
[BlackClock "0:00:02"]

1. e4 e5 2. Nf3 Nc6 3. Bb5 Nf6 4. d4 Nxe4 5. dxe5 d5 6. O-O Bc5 7. c4 dxc4 8. Qxd8+ Kxd8 9. Bxc4 f5 10. exf6 Nxf6 11. Bf4 Bf5 12. Nc3 a6 13. Rad1+ Kc8 14. Nd5 b5 15. Nxf6 gxf6 16. Bd5 Kb7 17. Rc1 Bd3 18. Rxc5 Bxf1 19. Kxf1 Rad8 20. Bxc6+ Kb6 21. Be3 Rd1+ 22. Ke2 Rd6 23. Rc3+ Ka5 24. Ra3+ Kb4 25. Rb3+ Ka4 26. Bc5 Re6+ 27. Kf1 1-0


[Site "https://www.chess.com"]

[Event "Titled Tuesday Blitz April 19 Late 2022"]
[White "Tristan, Leonardo"]
[Black "Sirosh, Ilja"]
[WhiteFideId "113816"]
[BlackFideId "4500458"]
[WhiteElo "2404"]
[BlackElo "2241"]
[Result "0-1"]
[Round "05"]
[TimeControl "180+1"]
[Date "2022.04.19"]
[WhiteClock "0:00:25"]
[BlackClock "0:00:15"]

1. d4 Nf6 2. Nf3 g6 3. Bf4 Bg7 4. e3 O-O 5. Be2 d6 6. O-O c5 7. c3 b6 8. h3 Bb7 9. Bh2 Nbd7 10. Nbd2 a6 11. a4 Ra7 12. Qb3 Qa8 13. Rfd1 Ne4 14. Nxe4 Bxe4 15. d5 Bxf3 16. Bxf3 Rb8 17. Ra3 b5 18. axb5 axb5 19. Rda1 Rxa3 20. Rxa3 Qb7 21. Qa2 b4 22. Ra7 Qc8 23. c4 Bf6 24. Bg4 b3 25. Qa3 Rb7 26. Qa6 Rxa7 27. Qxc8+ Kg7 28. Bxd6 exd6 29. Bxd7 Bxb2 30. Qb8 Ra1+ 31. Kh2 Be5+ 32. f4 b2 33. fxe5 b1=Q 34. Qxb1 Rxb1 35. exd6 Re1 36. Kg3 Rxe3+ 37. Kf4 Re1 38. g4 h6 39. h4 Rf1+ 40. Ke4 Kf6 41. Bb5 g5 42. hxg5+ hxg5 43. Bd7 Rf4+ 44. Kd3 Rd4+ 45. Kc3 Ke5 46. Be8 Kxd6 47. Bxf7 Rxg4 48. Be6 Rf4 49. Kd3 Ke5 50. Bc8 Rd4+ 51. Kc3 g4 52. Kb3 g3 53. Bh3 Kd6 54. Ka4 Rd2 55. Kb5 g2 56. Bxg2 Rxg2 57. Kb6 Rd2 58. Ka7 Rc2 59. Kb6 Rxc4 60. Kb5 Rd4 61. Ka5 Kxd5 62. Kb5 c4 63. Kb4 Rd3 64. Ka4 c3 65. Kb4 Kd4 66. Kb3 Rd2 67. Ka3 Kc4 68. Ka4 Ra2# 0-1


[Site "https://www.chess.com"]

[Event "Titled Tuesday Blitz April 19 Late 2022"]
[White "Tsukerman, Julia"]
[Black "Kujawski, Adam"]
[WhiteFideId "2621649"]
[BlackFideId "1100920"]
[WhiteElo "2229"]
[BlackElo "2053"]
[Result "1/2-1/2"]
[Round "05"]
[TimeControl "180+1"]
[Date "2022.04.19"]
[WhiteClock "0:00:07"]
[BlackClock "0:00:06"]

1. e4 e5 2. Nf3 Nc6 3. Bb5 a6 4. Ba4 Nf6 5. d3 b5 6. Bb3 Bc5 7. c3 Ba7 8. O-O h6 9. Nbd2 O-O 10. h3 d5 11. exd5 Nxd5 12. Ne4 Be6 13. Re1 Kh8 14. Bc2 f5 15. Ng3 Qf6 16. Qe2 Rae8 17. Bb3 Bg8 18. Bd2 e4 19. dxe4 f4 20. Nh5 Qg6 21. Bxd5 Bxd5 22. Nxf4 Rxf4 23. Bxf4 Rxe4 24. Qd2 Rd4 25. cxd4 Bxf3 26. g3 Nxd4 27. Be3 Qf5 28. Kh2 c5 29. Bxd4 cxd4 30. Re8+ Kh7 31. Rae1 Bc6 32. R8e6 Qf3 33. Qc2+ Kg8 34. Re8+ Kf7 35. R1e7+ Kf6 36. Re6+ Kf7 37. Qxc6 Qxf2+ 38. Qg2 Qf5 39. R6e7+ Kg6 40. Qc6+ Kh7 41. Qg2 Bc5 42. Re2 d3 43. R8e5 Qf8 44. Rxc5 dxe2 45. Qxe2 Qxc5 46. Qe4+ Kg8 47. Qe6+ Kh7 48. Qe2 a5 49. a3 a4 50. Qd3+ Kg8 51. h4 Kf7 52. Kh3 h5 53. Kg2 Kf6 54. Qe2 Qe5 55. Qf3+ Ke6 56. Qf2 Qe4+ 57. Kg1 Qd5 58. Kh2 g6 59. Qe2+ Qe5 60. Qf2 Kd5 61. Qd2+ Kc4 62. Qb4+ Kd3 63. Qf8 Qe2+ 64. Kh1 Qg4 65. Kh2 Qe2+ 66. Kh1 Qe1+ 67. Kh2 Qe2+ 1/2-1/2


[Site "https://www.chess.com"]

[Event "Titled Tuesday Blitz April 19 Late 2022"]
[White "Vasquez Schroeder, Rodrigo"]
[Black "Svane, Rasmus"]
[WhiteFideId "3400042"]
[BlackFideId "4657101"]
[WhiteElo "2561"]
[BlackElo "2645"]
[Result "1-0"]
[Round "05"]
[TimeControl "180+1"]
[Date "2022.04.19"]
[WhiteClock "0:00:11"]
[BlackClock "0:00:01"]

1. e4 c6 2. d4 d5 3. exd5 cxd5 4. Bd3 Nc6 5. c3 Nf6 6. h3 e5 7. dxe5 Nxe5 8. Nf3 Nxd3+ 9. Qxd3 Bd6 10. O-O O-O 11. Be3 Re8 12. Nbd2 Ne4 13. Rfe1 Bf5 14. Qb5 Nxd2 15. Nxd2 Qd7 16. Qxd7 Bxd7 17. Nf3 a6 18. Rad1 Bc6 19. Nd4 Ba4 20. b3 Bd7 21. Nf3 Bc6 22. Bd4 f6 23. Nh4 a5 24. Nf5 Bf8 25. a4 Rxe1+ 26. Rxe1 Kf7 27. Bb6 Bd7 28. Nd4 Bd6 29. Nf3 Ra6 30. Bd4 b5 31. axb5 Bxb5 32. Ra1 a4 33. bxa4 Rxa4 34. Rb1 Ba6 35. g4 Ke7 36. Nh4 g6 37. Nf3 Bc8 38. Rb6 Ra6 39. Rb5 Ke6 40. Kg2 Bd7 41. Rb7 g5 42. Be3 Ke7 43. Nd4 Kd8 44. Nb5 Be5 45. Nd4 Ra8 46. Rb6 Rc8 47. Bd2 Ke7 48. Rb7 Rc7 49. Rxc7 Bxc7 50. Be3 Kf7 51. Ne2 Kg6 52. Bd4 Bd8 53. f4 Bc7 54. f5+ Kf7 55. Kf3 h5 56. Nc1 h4 57. Nd3 Bb5 58. Nb4 Bc4 59. Nc6 Bf1 60. Nb4 Bxh3 61. Nxd5 Bd8 62. Ne3 Bc7 63. Nd5 Bd8 64. c4 Bf1 65. Ne3 Bd3 66. c5 Bb5 67. Kg2 Bc6+ 68. Kh3 Be4 69. Nc4 Ke7 70. Nd6 Bd5 71. Nc8+ Ke8 72. Nb6 Bc6 73. Nc4 Be7 74. Nd6+ Kd7 75. Nc4 Bd5 76. Nb6+ Kc6 77. Nc8 Bd8 78. Nd6 Bf3 79. Ne8 Bd5 80. Bxf6 Bxf6 81. Nxf6 Bc4 82. Ne4 1-0


[Site "https://www.chess.com"]

[Event "Titled Tuesday Blitz April 19 Late 2022"]
[White "Veiga, Emerson de Sousa"]
[Black "Rosenberg, Evan S"]
[WhiteFideId "2151898"]
[BlackFideId "2019299"]
[WhiteElo "2034"]
[BlackElo "2351"]
[Result "1/2-1/2"]
[Round "05"]
[TimeControl "180+1"]
[Date "2022.04.19"]
[WhiteClock "0:00:05"]
[BlackClock "0:00:03"]

1. e4 e6 2. d4 d5 3. Nc3 Bb4 4. Ne2 Nf6 5. e5 Ne4 6. a3 Bxc3+ 7. bxc3 c5 8. f3 cxd4 9. fxe4 Qh4+ 10. Ng3 dxc3 11. exd5 exd5 12. Qxd5 O-O 13. Bd3 Nc6 14. O-O Be6 15. Qb5 Qd4+ 16. Kh1 Nxe5 17. Rf4 Qd6 18. a4 Nxd3 19. Qxd3 Qc7 20. Rd4 Rad8 21. Bg5 Rxd4 22. Qxd4 f6 23. Bf4 Qc6 24. Qd6 Qxd6 25. Bxd6 Rd8 26. Bf4 Rd4 27. Be3 Rb4 28. Kg1 Rb2 29. Rc1 b6 30. Bd4 Rb4 31. Bxc3 Rxa4 32. Bd2 Ra2 33. Kf2 b5 34. Ke3 a5 35. c3 Bc4 36. Ne4 a4 37. Nd6 h5 38. Nxc4 bxc4 39. g3 g5 40. Rb1 a3 41. Rb4 Rb2 42. Rxc4 a2 43. Ra4 Kf7 44. c4 Ke6 45. h4 gxh4 46. gxh4 f5 47. Bc3 Rh2 48. Kd3 f4 49. Bd2 Rh3+ 50. Kc2 Rxh4 51. Rxa2 f3 52. c5 Rc4+ 53. Kd3 Rxc5 54. Ke3 Rf5 55. Kf2 h4 56. Be3 h3 57. Ra1 h2 58. Rh1 Rh5 59. Kxf3 Kf5 60. Bf2 Rh3+ 61. Bg3 Kg5 62. Kg2 Rh5 63. Bxh2 Kg4 64. Rf1 Rf5 65. Re1 Ra5 66. Re4+ Kg5 67. Bg3 Ra2+ 68. Bf2 Ra5 69. Re3 Rf5 70. Kg3 Rb5 71. Re4 Rb3+ 72. Be3+ Kf5 73. Kf3 Rb1 74. Rf4+ Ke5 75. Rh4 Rf1+ 76. Ke2 Rf8 77. Kd3 Kd5 78. Rh5+ Kc6 79. Kc4 Re8 80. Rh6+ Kd7 81. Bd4 Re6 82. Rh7+ Re7 83. Rh5 Re6 84. Kd5 Rd6+ 85. Kc4 Rc6+ 86. Bc5 Rg6 87. Kd5 Kc7 88. Rh7+ Kb8 89. Kc4 Ra6 90. Kb5 Rg6 91. Bb6 Kc8 92. Kc5 Kb8 93. Bc7+ Kb7 94. Bb6+ Kb8 95. Bc7+ Kb7 96. Bb6+ Kb8 1/2-1/2


[Site "https://www.chess.com"]

[Event "Titled Tuesday Blitz April 19 Late 2022"]
[White "Vovk, Orest"]
[Black "Rosen, Eric"]
[WhiteFideId "14113490"]
[BlackFideId "2032562"]
[WhiteElo "2203"]
[BlackElo "2362"]
[Result "0-1"]
[Round "05"]
[TimeControl "180+1"]
[Date "2022.04.19"]
[WhiteClock "0:00:08"]
[BlackClock "0:00:07"]

1. h4 e5 2. h5 d5 3. h6 Nxh6 4. d4 Nc6 5. Bxh6 gxh6 6. dxe5 Nxe5 7. Nf3 Bg7 8. Nc3 Nxf3+ 9. gxf3 c6 10. Qd3 Be6 11. O-O-O Qb6 12. e4 O-O-O 13. exd5 Rxd5 14. Nxd5 Qxb2+ 15. Kd2 cxd5 16. Bh3 Qb4+ 17. Ke2 Kb8 18. Bxe6 fxe6 19. Rb1 Qd6 20. Qb5 Qc7 21. Rhc1 Rc8 22. Rb4 Bc3 23. Rb3 Ka8 24. Rcb1 b6 25. Qa6 Bd4 26. c3 Bc5 27. Qd3 Rf8 28. a4 Qe5+ 29. Kd2 Qf4+ 30. Ke2 Qxa4 31. Qxh7 Qc4+ 32. Ke1 Qf4 33. Ra1 Rf7 34. Qg8+ Kb7 35. Ra2 Qxf3 36. Qg6 Bxf2+ 37. Kd2 Be3+ 38. Kc2 Qe2+ 39. Kb1 Rf1# 0-1


[Site "https://www.chess.com"]